[Event "Titled Tuesday Blitz May 16 Early 2023"]
[White "Jakic, Ivan"]
[Black "Florescu, Codrut-Constantin"]
[WhiteFideId "14504901"]
[BlackFideId "1202200"]
[WhiteElo "2370"]
[BlackElo "2191"]
[Result "0-1"]
[Round "11"]
[TimeControl "180+2"]
[Date "2023.05.16"]
[WhiteClock "0:00:16"]
[BlackClock "0:01:11"]

1. e4 c5 2. Nf3 e6 3. d4 cxd4 4. Nxd4 a6 5. Nc3 d6 6. Be3 b5 7. g4 Bb7 8. Bg2 Nd7 9. a3 Ne7 10. Qe2 Rc8 11. f4 Nc6 12. O-O-O Na5 13. e5 Rxc3 14. bxc3 dxe5 15. Bxb7 Bxa3+ 16. Kb1 Nxb7 17. fxe5 O-O 18. Nb3 Qc7 19. Bd4 Nb6 20. Rhf1 Nd5 21. Rf3 Nc5 22. Rh3 Nf4 23. Qf3 Nxh3 24. Qxh3 Nxb3 25. cxb3 Bc5 26. Qd3 Bxd4 27. Qxd4 Qc6 28. Rd2 a5 29. Kb2 a4 30. b4 h6 31. h4 Rc8 32. g5 h5 33. g6 fxg6 34. Rg2 Qxg2+ 0-1


[Site "https://www.chess.com"]

[Event "Titled Tuesday Blitz May 16 Early 2023"]
[White "Arabidze, Meri"]
[Black "Martic, Ivan"]
[WhiteFideId "13604040"]
[BlackFideId "929301"]
[WhiteElo "2405"]
[BlackElo "2360"]
[Result "1-0"]
[Round "11"]
[TimeControl "180+2"]
[Date "2023.05.16"]
[WhiteClock "0:01:02"]
[BlackClock "0:00:11"]

1. d4 Nf6 2. Nf3 g6 3. g3 Bg7 4. Bg2 O-O 5. O-O d6 6. a4 a5 7. Nc3 d5 8. Ne5 c6 9. Re1 Bf5 10. Bf4 Nbd7 11. Nxd7 Qxd7 12. Be5 Rfe8 13. b3 Bh3 14. Bh1 Ng4 15. Bxg7 Kxg7 16. e4 e5 17. exd5 Qf5 18. f3 Nf6 19. dxc6 exd4 20. cxb7 dxc3 21. Qd4 Rad8 22. Qxc3 Kg8 23. Bg2 Bxg2 24. Kxg2 Nd5 25. Rxe8+ Rxe8 26. Qd2 Qe5 27. Rc1 Ne3+ 28. Kg1 Qc5 29. Qf2 Rb8 30. Re1 Rxb7 31. Rxe3 Kg7 32. Kg2 Rc7 33. c4 Rb7 34. Qb2+ Kh6 35. Re4 Qb4 36. Rh4+ Kg5 37. Qe5+ f5 38. f4# 1-0


[Site "https://www.chess.com"]

[Event "Titled Tuesday Blitz May 16 Early 2023"]
[White "Colas, Joshua"]
[Black "cristianserban1"]
[WhiteFideId "2044447"]
[WhiteElo "2347"]
[BlackElo "2533"]
[Result "1-0"]
[Round "11"]
[TimeControl "180+2"]
[Date "2023.05.16"]
[WhiteClock "0:00:25"]
[BlackClock "0:00:19"]

1. Nf3 d5 2. c4 e6 3. g3 c6 4. Bg2 dxc4 5. O-O Nf6 6. a4 b5 7. axb5 cxb5 8. b3 cxb3 9. Qxb3 a6 10. Ne5 Nd5 11. Nc3 Bb7 12. Bb2 b4 13. Nxd5 Bxd5 14. Qa4+ Nd7 15. Bxd5 exd5 16. Qc6 Ra7 17. Rxa6 Rxa6 18. Qxa6 Nxe5 19. Bxe5 f6 20. Rc1 Kf7 21. Rc7+ Kg6 22. Qd3+ Kh6 23. Qe3+ g5 24. Rc6 Bg7 25. h4 Kh5 26. Qf3+ Kg6 27. hxg5 Rf8 28. gxf6 Bxf6 29. Bxf6 Rxf6 30. Rxf6+ Qxf6 31. Qg4+ Kf7 32. Qxb4 Qa1+ 33. Kg2 Qe5 34. Qb7+ Kg6 35. Qc6+ Kg7 36. Qd7+ Kf8 37. Qxh7 Qxe2 38. Qh6+ Ke7 39. Qg5+ Kd6 40. Qf4+ Kc6 41. Qf6+ Kb5 42. Qd4 Kc6 43. g4 Qe6 44. g5 Qf7 45. Qf6+ Qxf6 46. gxf6 Kd6 47. Kf3 Ke6 48. Kf4 Kxf6 49. d4 Ke6 50. Kg5 Kf7 51. Kf5 Ke7 52. Ke5 Kf7 53. Kxd5 Kf6 54. Kc6 Kf5 55. d5 Kf4 56. d6 Kf3 57. d7 Kxf2 58. d8=Q Ke2 59. Qf6 Ke3 60. Qf5 Ke2 61. Qf4 Kd3 62. Qe5 Kd2 63. Qe4 Kc3 64. Qd5 Kb2 65. Qc4 Ka3 66. Qb5 Ka2 67. Kc5 Ka1 68. Kc4 Ka2 69. Kc3 Ka1 70. Qb2# 1-0


[Site "https://www.chess.com"]

[Event "Titled Tuesday Blitz May 16 Early 2023"]
[White "Pacan-Milej, Kosma"]
[Black "Devaev, Alexander"]
[WhiteFideId "21800537"]
[BlackFideId "4169395"]
[WhiteElo "2302"]
[BlackElo "2172"]
[Result "1-0"]
[Round "11"]
[TimeControl "180+2"]
[Date "2023.05.16"]
[WhiteClock "0:01:25"]
[BlackClock "0:00:53"]

1. d4 Nf6 2. c4 e6 3. Nc3 Bb4 4. e3 c5 5. Ne2 cxd4 6. exd4 d5 7. a3 Bxc3+ 8. Nxc3 Nc6 9. c5 Ne4 10. Bd3 Nxc3 11. bxc3 O-O 12. O-O Ne7 13. Qh5 Ng6 14. Bg5 Qe8 15. Rae1 Bd7 16. Re3 f5 17. Rg3 Bb5 18. Bxb5 Qxb5 19. Rh3 Kf7 20. Re1 b6 21. g4 bxc5 22. gxf5 exf5 23. Re7+ 1-0


[Site "https://www.chess.com"]

[Event "Titled Tuesday Blitz May 16 Early 2023"]
[White "Rom, Jasper"]
[Black "Manukyan, Sargis A."]
[WhiteFideId "2023733"]
[BlackFideId "13303970"]
[WhiteElo "2233"]
[BlackElo "2187"]
[Result "1-0"]
[Round "11"]
[TimeControl "180+2"]
[Date "2023.05.16"]
[WhiteClock "0:02:34"]
[BlackClock "0:02:40"]

1. e4 c5 2. Nc3 d6 3. f4 Nf6 4. Nf3 Nc6 5. Bb5 Bd7 6. d3 e6 7. O-O Be7 8. Qe1 O-O 9. Bxc6 Bxc6 10. f5 d5 11. e5 Nd7 12. f6 gxf6 13. Bh6 fxe5 14. Qg3+ 1-0


[Site "https://www.chess.com"]

[Event "Titled Tuesday Blitz May 16 Early 2023"]
[White "Korchmar, Vasiliy"]
[Black "Goncalves, Davi Sulzbacher"]
[WhiteFideId "24131750"]
[BlackFideId "2154510"]
[WhiteElo "2370"]
[BlackElo "2182"]
[Result "1-0"]
[Round "11"]
[TimeControl "180+2"]
[Date "2023.05.16"]
[WhiteClock "0:00:30"]
[BlackClock "0:00:09"]

1. e4 c5 2. Nf3 d6 3. d4 cxd4 4. Nxd4 Nf6 5. Nc3 a6 6. Be2 e5 7. Nb3 Be7 8. O-O O-O 9. Be3 Be6 10. Qd2 Nbd7 11. a4 Nb6 12. Rfd1 Rc8 13. a5 Nc4 14. Bxc4 Rxc4 15. f3 Qc8 16. Qf2 Rd8 17. Bb6 Rd7 18. Nd2 Rc6 19. Nf1 d5 20. exd5 Nxd5 21. Nxd5 Bxd5 22. Ne3 Be6 23. Rxd7 Bxd7 24. Nd5 Bf8 25. c3 Be6 26. Ne3 Rd6 27. Re1 Qd7 28. Qg3 f6 29. h3 Rd2 30. b4 Qd3 31. Ng4 Kf7 32. Nxe5+ fxe5 33. Qxe5 Qd6 34. Qh5+ Kg8 35. Bd4 Bf7 36. Qg5 h6 37. Qxd2 1-0


[Site "https://www.chess.com"]

[Event "Titled Tuesday Blitz May 16 Early 2023"]
[White "Kamalidenova, Meruert"]
[Black "Sowul, Bartosz"]
[WhiteFideId "13712802"]
[BlackFideId "1137590"]
[WhiteElo "2361"]
[BlackElo "2188"]
[Result "1-0"]
[Round "11"]
[TimeControl "180+2"]
[Date "2023.05.16"]
[WhiteClock "0:01:20"]
[BlackClock "0:00:47"]

1. e4 c5 2. Nf3 d6 3. Bb5+ Nd7 4. c4 Nf6 5. Nc3 g6 6. O-O Bg7 7. d4 cxd4 8. Nxd4 O-O 9. Bxd7 Bxd7 10. Nd5 a6 11. Qd3 b5 12. Nxf6+ Bxf6 13. cxb5 Qb6 14. Be3 Bxb5 15. Nxb5 Qxb5 16. Qxb5 axb5 17. Rfb1 Rfc8 18. g3 Rc2 19. a3 Rxb2 20. Rxb2 Bxb2 21. Rb1 Bxa3 22. Rxb5 Rc8 23. Rb7 Kf8 24. Bh6+ Ke8 25. Kg2 Bc5 26. Kf3 Bd4 27. Be3 Rc3 28. Rb8+ Kd7 29. Rb7+ Ke6 30. Rb8 h5 31. h4 Bxe3 32. fxe3 Ke5 33. Rb5+ Rc5 34. Rb7 Kf6 35. Rd7 Rc2 36. Ra7 Ke6 37. Ra6 Ke5 38. Ra5+ Rc5 39. Ra7 Ke6 40. Rb7 Rc8 41. Rb6 Kf6 42. Kf4 Rc1 43. e5+ Ke6 44. exd6 exd6 45. Kf3 Ke5 46. Rb7 f6 47. Re7+ Kf5 48. e4# 1-0


[Site "https://www.chess.com"]

[Event "Titled Tuesday Blitz May 16 Early 2023"]
[White "Garrido, Denis"]
[Black "Herrera Ortiz, Miguel"]
[WhiteFideId "601217"]
[BlackFideId "5100550"]
[WhiteElo "2330"]
[BlackElo "2624"]
[Result "0-1"]
[Round "11"]
[TimeControl "180+2"]
[Date "2023.05.16"]
[WhiteClock "0:00:39"]
[BlackClock "0:00:44"]

1. d4 e6 2. e4 d5 3. exd5 exd5 4. Nf3 Nf6 5. Bd3 c5 6. O-O c4 7. Re1+ Be7 8. Bf1 O-O 9. b3 cxb3 10. axb3 Nc6 11. Ba3 Bxa3 12. Nxa3 Bg4 13. c3 Ne4 14. Re3 Ne7 15. h3 Bh5 16. Nb1 Nf5 17. Re1 Nfd6 18. Bd3 Re8 19. g4 Bg6 20. Ne5 a6 21. Kg2 Rc8 22. Re3 Qh4 23. Qe1 Qg5 24. f3 Nf6 25. Bxg6 hxg6 26. Nd2 Nh5 27. h4 Nf4+ 28. Kh2 Qf6 29. Kg3 Re7 30. Qf2 g5 31. hxg5 Qxg5 32. Rh1 Nf5+ 33. Kh2 Nxe3 34. Qxe3 Qh4+ 35. Kg1 Qg3+ 36. Kf1 Qg2+ 0-1


[Site "https://www.chess.com"]

[Event "Titled Tuesday Blitz May 16 Early 2023"]
[White "Fan_Of_Chucky"]
[Black "Petrosyan, Manuel"]
[BlackFideId "13300857"]
[WhiteElo "2407"]
[BlackElo "2576"]
[Result "1-0"]
[Round "11"]
[TimeControl "180+2"]
[Date "2023.05.16"]
[WhiteClock "0:00:05"]
[BlackClock "0:00:04"]

1. d4 Nf6 2. c4 g6 3. Nc3 Bg7 4. e4 d6 5. h3 O-O 6. Be3 Nc6 7. d5 Ne5 8. g4 c6 9. f4 Ned7 10. Nge2 cxd5 11. cxd5 b5 12. Nd4 a6 13. Nc6 Qe8 14. e5 dxe5 15. fxe5 Nxg4 16. hxg4 Nxe5 17. Nxe5 Bxe5 18. Bh6 b4 19. Ne2 Bxg4 20. Qd3 Bxb2 21. Rd1 Bf5 22. Qb3 Bg7 23. Bxg7 Kxg7 24. Qxb4 Qb5 25. Qxb5 axb5 26. Nd4 Bg4 27. Rd2 b4 28. Bg2 Ra3 29. O-O Bh3 30. Rf3 Bxg2 31. Rxa3 bxa3 32. Kxg2 Rb8 33. Nc6 Rb2 34. Rf2 Kf8 35. Na5 Rb5 36. Nc4 Rxd5 37. Nxa3 e5 38. Nc4 Kg7 39. a4 e4 40. a5 Rc5 41. Rc2 Rc6 42. Ne3 Ra6 43. Ra2 f5 44. Nd5 h5 45. Nb4 Ra8 46. a6 f4 47. Nd5 g5 48. a7 Kg6 49. Nb6 Rxa7 50. Rxa7 Kf5 51. Nc4 Kg4 52. Ne5+ Kf5 53. Nf7 Kg4 54. Ra5 f3+ 55. Kf2 Kf4 56. Nxg5 e3+ 57. Kf1 h4 58. Nh3+ Kg3 59. Ng5 e2+ 60. Ke1 h3 61. Nxh3 Kxh3 62. Rf5 Kg3 63. Rf8 Kg2 64. Rg8+ Kh3 65. Kf2 Kh4 66. Rf8 Kg4 67. Rg8+ Kf4 68. Rf8+ Ke4 69. Ra8 Kd3 70. Ra3+ Kd2 71. Ra2+ Kd1 72. Ra1+ Kd2 73. Re1 Kd3 74. Kxf3 1-0


[Site "https://www.chess.com"]

[Event "Titled Tuesday Blitz May 16 Early 2023"]
[White "Harsh Suresh"]
[Black "egorchess95"]
[WhiteFideId "45018464"]
[WhiteElo "2209"]
[BlackElo "2571"]
[Result "1-0"]
[Round "11"]
[TimeControl "180+2"]
[Date "2023.05.16"]
[WhiteClock "0:01:35"]
[BlackClock "0:00:25"]

1. e4 c5 2. Nc3 Nc6 3. Bb5 Nd4 4. Bc4 e6 5. Nf3 a6 6. Nxd4 cxd4 7. Ne2 Bc5 8. d3 d6 9. Bb3 Nf6 10. O-O O-O 11. a4 Ne8 12. f4 e5 13. f5 Kh8 14. Ng3 f6 15. Qh5 Nc7 16. Bd2 Qe8 17. Qh4 Bd7 18. Rf3 g5 19. fxg6 Qxg6 20. Raf1 Ne8 21. Bh6 Bg4 22. Bxf8 Bxf3 23. Rxf3 d5 24. Bxc5 1-0


[Site "https://www.chess.com"]

[Event "Titled Tuesday Blitz May 16 Early 2023"]
[White "Molina, Roberto Junio Brito"]
[Black "Potkin, Vladimir"]
[WhiteFideId "2109450"]
[BlackFideId "4131061"]
[WhiteElo "2376"]
[BlackElo "2474"]
[Result "0-1"]
[Round "11"]
[TimeControl "180+2"]
[Date "2023.05.16"]
[WhiteClock "0:00:54"]
[BlackClock "0:00:38"]

1. d4 Nf6 2. c4 e6 3. Nf3 d5 4. Nc3 Bb4 5. Qa4+ Nc6 6. Bg5 h6 7. Bxf6 Qxf6 8. e3 O-O 9. Rc1 Rd8 10. Qc2 dxc4 11. Bxc4 Bd7 12. O-O Rac8 13. Ne4 Qe7 14. a3 Bd6 15. b4 a5 16. b5 Nb8 17. a4 Be8 18. Rfd1 Nd7 19. Bb3 Nb6 20. Nc5 c6 21. bxc6 Bxc6 22. Ne5 Bxe5 23. dxe5 Rxd1+ 24. Rxd1 Bxa4 25. Bxa4 Nxa4 26. Qxa4 Qxc5 27. Qd7 b5 28. h4 a4 29. Qb7 a3 30. Ra1 b4 31. g3 h5 32. Qa6 g6 33. Rb1 Kg7 34. Kh2 Qc2 35. Ra1 Qxf2+ 0-1


[Site "https://www.chess.com"]

[Event "Titled Tuesday Blitz May 16 Early 2023"]
[White "Rozman, Levy"]
[Black "Thecourseoisildur"]
[WhiteFideId "2039877"]
[WhiteElo "2376"]
[BlackElo "2568"]
[Result "1-0"]
[Round "11"]
[TimeControl "180+2"]
[Date "2023.05.16"]
[WhiteClock "0:00:16"]
[BlackClock "0:00:00"]

1. e4 c5 2. Nc3 Nc6 3. Bb5 Nd4 4. Nf3 Nxb5 5. Nxb5 d5 6. exd5 a6 7. Nc3 Nf6 8. O-O Nxd5 9. d4 Nxc3 10. bxc3 e6 11. Re1 Be7 12. Ne5 O-O 13. Be3 Qd5 14. c4 Qd6 15. Bf4 Qxd4 16. Qf3 Qb2 17. Qg3 Qxc2 18. Rad1 b5 19. Nc6 Bf6 20. Bd6 Bb7 21. Ne7+ Kh8 22. Rc1 Qxa2 23. cxb5 axb5 24. Bxc5 Rfe8 25. Qc7 Qa6 26. h4 Bxh4 27. Ra1 Qxa1 28. Rxa1 Rxa1+ 29. Kh2 Bxe7 30. Bxe7 Bd5 31. Bd6 Kg8 32. f3 Raa8 33. Be5 b4 34. Qb6 b3 35. Qe3 f6 36. Bb2 Ra2 37. Qc3 Rxb2 38. Qxb2 Rc8 39. Qa3 h5 40. Kg3 Kh7 41. Qb4 Rc2 42. Qb5 Kh6 43. Qb8 Kh7 44. Qb5 h4+ 45. Kh3 Rd2 46. Qb4 Rc2 47. Qxh4+ Kg8 48. Qh5 b2 49. Qe8+ Kh7 50. Qh5+ Kg8 51. Qe8+ Kh7 52. Qb5 g5 53. Qd3+ Be4 54. Qxe4+ 1-0


[Site "https://www.chess.com"]

[Event "Titled Tuesday Blitz May 16 Early 2023"]
[White "Aradhya, Garg"]
[Black "Baghdasaryan, Vahe"]
[WhiteFideId "25006746"]
[BlackFideId "13303139"]
[WhiteElo "2263"]
[BlackElo "2216"]
[Result "1-0"]
[Round "11"]
[TimeControl "180+2"]
[Date "2023.05.16"]
[WhiteClock "0:02:08"]
[BlackClock "0:00:00"]

1. d4 Nf6 2. c4 e6 3. Nf3 d5 4. Nc3 Be7 5. Bf4 O-O 6. e3 c5 7. dxc5 Bxc5 8. a3 Nc6 9. Qc2 Qa5 10. Rd1 Rd8 11. Nd2 d4 12. Nb3 Qb6 13. Na4 Bb4+ 14. axb4 Qxb4+ 15. Nd2 e5 16. Bg5 dxe3 17. fxe3 Bg4 18. Be2 Bxe2 19. Kxe2 Rd6 20. Nc3 Rad8 21. Bxf6 gxf6 22. Nd5 Qa5 23. Ne4 Kg7 24. Nxd6 Rxd6 25. Qf5 Qa4 26. Qg4+ Kf8 27. Rhf1 Ne7 28. Qe4 f5 29. Qd3 e4 30. Qd4 Nxd5 31. cxd5 Rg6 32. Qxa4 1-0


[Site "https://www.chess.com"]

[Event "Titled Tuesday Blitz May 16 Early 2023"]
[White "iHateNAJDORF"]
[Black "Mendez Fortes, Eduardo Jesus"]
[BlackFideId "3502376"]
[WhiteElo "2559"]
[BlackElo "2307"]
[Result "1-0"]
[Round "11"]
[TimeControl "180+2"]
[Date "2023.05.16"]
[WhiteClock "0:01:38"]
[BlackClock "0:01:15"]

1. e4 c5 2. Nf3 d6 3. d4 cxd4 4. Nxd4 Nf6 5. Nc3 a6 6. a3 e5 7. Nf5 d5 8. Bg5 d4 9. Bxf6 gxf6 10. Nb1 Nc6 11. Bd3 Be6 12. O-O Qb6 13. b4 O-O-O 14. Nd2 Kb8 15. Qf3 Na7 16. h4 h5 17. Rfc1 Rc8 18. Nb1 Nb5 19. c4 dxc3 20. Bxb5 Qxb5 21. Nxc3 Qb6 22. Nd5 Rxc1+ 23. Rxc1 Qb5 24. Nxf6 a5 25. Qc3 Bxf5 26. Qc7+ Ka7 27. exf5 Bh6 28. Rc5 1-0


[Site "https://www.chess.com"]

[Event "Titled Tuesday Blitz May 16 Early 2023"]
[White "MKlose11"]
[Black "Kleiman, Jake"]
[BlackFideId "2020041"]
[WhiteElo "2666"]
[BlackElo "2557"]
[Result "0-1"]
[Round "11"]
[TimeControl "180+2"]
[Date "2023.05.16"]
[WhiteClock "0:00:13"]
[BlackClock "0:00:13"]

1. e4 e5 2. Nf3 Nc6 3. d4 exd4 4. Bc4 Nf6 5. O-O d6 6. Nxd4 Be7 7. Nc3 O-O 8. a4 Bd7 9. Be3 Ng4 10. Bf4 Nxd4 11. Qxd4 Bf6 12. Qd2 Ne5 13. Bb3 Ng6 14. Be3 Re8 15. Rae1 Bc6 16. f3 Be5 17. Bd5 Qd7 18. b3 Bxc3 19. Qxc3 a6 20. Qd2 Bxd5 21. Qxd5 b6 22. Rd1 a5 23. Rfe1 Rac8 24. Qb5 Qxb5 25. axb5 Re5 26. Rd5 Rce8 27. c4 f6 28. Kf2 Ne7 29. Rd2 Ng6 30. Ra1 R5e7 31. Bd4 Nf4 32. Bc3 Ne6 33. b4 axb4 34. Bxb4 Kf7 35. Ra7 g6 36. g3 f5 37. exf5 gxf5 38. Rd5 Kg6 39. h4 h5 40. Ra2 f4 41. g4 hxg4 42. fxg4 Nc5 43. h5+ Kh6 44. Bxc5 dxc5 45. Kf3 Re4 46. Rc2 Re1 47. Kxf4 Rf1+ 48. Kg3 Re3+ 49. Kg2 Rf4 50. Rf2 Rxg4+ 51. Kf1 Re6 52. Rc2 Rf4+ 53. Kg2 Rh4 54. Kg3 Rxh5 55. Rxh5+ Kxh5 56. Kf4 Kg6 57. Rd2 Kf7 58. Rd7+ Re7 59. Rd8 Ke6 60. Ke4 Rh7 61. Re8+ Kd7 62. Rg8 Rh3 63. Rg7+ Kc8 64. Kd5 Rh6 65. Rf7 Rd6+ 66. Ke5 Rd4 67. Rf4 Rxf4 68. Kxf4 Kd8 69. Ke4 Ke8 70. Kf4 Kf8 71. Ke4 Kf7 72. Kd5 Ke7 73. Ke5 Kd7 74. Kd5 c6+ 75. bxc6+ Kc7 76. Ke5 Kxc6 77. Ke4 Kb7 78. Kd5 Ka6 79. Kc6 Ka5 80. Kb7 Kb4 81. Kxb6 Kxc4 82. Ka5 Kd3 83. Ka4 c4 84. Kb4 c3 85. Kb3 Kd2 86. Kc4 c2 87. Kd4 c1=Q 88. Ke5 Qc3+ 89. Ke4 Ke2 90. Kf5 Qc4 0-1


[Site "https://www.chess.com"]

[Event "Titled Tuesday Blitz May 16 Early 2023"]
[White "Itgelt, Khuyagtsogt"]
[Black "Demin, Vladimir"]
[WhiteFideId "4902912"]
[BlackFideId "4167457"]
[WhiteElo "2227"]
[BlackElo "2556"]
[Result "0-1"]
[Round "11"]
[TimeControl "180+2"]
[Date "2023.05.16"]
[WhiteClock "0:00:00"]
[BlackClock "0:00:07"]

1. b3 d5 2. Bb2 Nf6 3. e3 c5 4. Nf3 Nc6 5. d4 Bg4 6. dxc5 e6 7. h3 Bh5 8. Be2 Bxc5 9. O-O O-O 10. Nc3 Qe7 11. a3 Rfd8 12. b4 Bd6 13. Nb5 Bb8 14. Nfd4 Bxe2 15. Qxe2 e5 16. Nxc6 bxc6 17. Nc3 e4 18. f4 exf3 19. Rxf3 Be5 20. Raf1 a5 21. Rf5 axb4 22. axb4 Qxb4 23. Rxe5 Qxb2 24. Qd3 Ra3 25. Nd1 Rxd3 26. Nxb2 Rc3 27. Rc1 Ne4 28. Nd1 Rc4 29. Re7 Kf8 30. Rc7 Rb8 31. Kh2 h5 32. h4 g6 33. c3 Rb3 34. Ra1 Nd6 35. Rd7 Rxh4+ 36. Kg1 Nf5 37. Ra8+ Kg7 38. Raa7 Nh6 39. Kf2 Rc4 40. Ke2 Rb8 41. Kd3 Rf8 42. Nf2 Nf5 43. Nh3 Rg4 44. Nf4 Kg8 45. Kd2 h4 46. Rac7 g5 47. Nh5 Rxg2+ 48. Kc1 h3 49. Nf6+ Kg7 0-1


[Site "https://www.chess.com"]

[Event "Titled Tuesday Blitz May 16 Early 2023"]
[White "Borgaonkar Akshay"]
[Black "Kubicka, Anna"]
[WhiteFideId "25639110"]
[BlackFideId "1152254"]
[WhiteElo "2063"]
[BlackElo "2144"]
[Result "1-0"]
[Round "11"]
[TimeControl "180+2"]
[Date "2023.05.16"]
[WhiteClock "0:01:46"]
[BlackClock "0:00:07"]

1. d4 Nf6 2. Nc3 d5 3. Bf4 c6 4. e3 Bf5 5. Nf3 h6 6. Ne5 e6 7. g4 Bh7 8. h4 Nbd7 9. g5 Ne4 10. Nxe4 Bxe4 11. f3 Bf5 12. gxh6 Nxe5 13. dxe5 gxh6 14. Bd3 Qa5+ 15. c3 Bxd3 16. Qxd3 Rg8 17. a4 Rg2 18. Rh2 Rg1+ 19. Qf1 Rxf1+ 20. Kxf1 Qa6+ 21. Ke1 Qd3 22. Rd2 Qf5 23. Kf2 Qh3 24. Rg1 Qxh4+ 25. Ke2 O-O-O 26. Kd3 Be7 27. Rh2 f6 28. Rxh4 fxe5 29. Rxh6 exf4 30. exf4 Bd6 31. Rxe6 Bxf4 32. Rg7 Rd7 33. Rxd7 Kxd7 34. Rf6 Bc1 35. Rf7+ Kc8 36. b4 Bg5 37. c4 dxc4+ 38. Kxc4 Bd8 39. b5 cxb5+ 40. axb5 a6 41. f4 axb5+ 42. Kxb5 Bc7 43. f5 Kd8 44. f6 b6 45. Rxc7 Kxc7 46. f7 1-0


[Site "https://www.chess.com"]

[Event "Titled Tuesday Blitz May 16 Early 2023"]
[White "Sakun, Volodymyr"]
[Black "surrenderPLS"]
[WhiteFideId "14114062"]
[WhiteElo "2318"]
[BlackElo "2533"]
[Result "0-1"]
[Round "11"]
[TimeControl "180+2"]
[Date "2023.05.16"]
[WhiteClock "0:00:15"]
[BlackClock "0:01:35"]

1. d4 Nf6 2. Nf3 g6 3. Nbd2 d5 4. e3 Bg7 5. Bd3 O-O 6. O-O Bf5 7. b3 Bxd3 8. cxd3 Re8 9. Bb2 c6 10. Ne5 Nfd7 11. f4 f6 12. Nef3 f5 13. h3 c5 14. Ne5 cxd4 15. exd4 Nc6 16. Ndf3 Ndxe5 17. dxe5 e6 18. d4 Rc8 19. Qd2 h6 20. g4 Kh7 21. Kh2 Qa5 22. Bc3 Qb6 23. gxf5 gxf5 24. Rg1 Rg8 25. Qe2 Nxe5 26. dxe5 Rxc3 27. Ng5+ hxg5 28. Qh5+ Bh6 29. fxg5 Qf2+ 30. Kh1 Qf3+ 31. Qxf3 Rxf3 0-1


[Site "https://www.chess.com"]

[Event "Titled Tuesday Blitz May 16 Early 2023"]
[White "Krsnik Cohar, Ivan Vihor"]
[Black "Vlassov, Nikolai"]
[WhiteFideId "14520044"]
[BlackFideId "4103360"]
[WhiteElo "2414"]
[BlackElo "2324"]
[Result "0-1"]
[Round "11"]
[TimeControl "180+2"]
[Date "2023.05.16"]
[WhiteClock "0:00:52"]
[BlackClock "0:00:53"]

1. e4 c5 2. Ne2 Nf6 3. Nbc3 d6 4. d4 cxd4 5. Nxd4 g6 6. f3 a6 7. Be3 Nbd7 8. Qd2 Qc7 9. g4 h6 10. h4 b5 11. O-O-O Bb7 12. Bg2 Ne5 13. g5 Nc4 14. Qe2 Nh5 15. f4 Ng3 16. Qf2 Nxh1 17. Rxh1 hxg5 18. fxg5 Nxe3 19. Qxe3 Bg7 20. Nde2 Rc8 21. Qd2 Qa5 22. Kb1 b4 23. Nd5 Bxd5 24. exd5 Qc5 25. Nc1 a5 26. Qe2 a4 27. Be4 a3 28. h5 Rxh5 29. Rxh5 gxh5 30. g6 axb2 31. gxf7+ Kf8 32. Nd3 Qg1+ 33. Qe1 Qxe1+ 34. Nxe1 Kxf7 35. Nf3 Bf6 0-1


[Site "https://www.chess.com"]

[Event "Titled Tuesday Blitz May 16 Early 2023"]
[White "Degenbaev, Aziz"]
[Black "Souleidis, Georgios"]
[WhiteFideId "13802640"]
[BlackFideId "4206827"]
[WhiteElo "2152"]
[BlackElo "2401"]
[Result "0-1"]
[Round "11"]
[TimeControl "180+2"]
[Date "2023.05.16"]
[WhiteClock "0:00:00"]
[BlackClock "0:00:04"]

1. e4 c5 2. Nf3 e6 3. d4 cxd4 4. Nxd4 Nf6 5. Nc3 Nc6 6. a3 Be7 7. f4 d6 8. Be3 O-O 9. Qf3 a6 10. O-O-O Qc7 11. Nxc6 Qxc6 12. g4 b5 13. g5 Nd7 14. h4 Bb7 15. h5 Nc5 16. g6 Nxe4 17. h6 fxg6 18. hxg7 Rf5 19. Bg2 d5 20. Nxe4 dxe4 21. Qh3 Rh5 22. Qg4 Rc8 23. Rd2 Rxh1+ 24. Bxh1 Bf6 25. Rh2 Bxg7 26. Qh4 h5 27. Qg5 Qe8 28. Rg2 Kh7 29. Rh2 Bd5 30. Bg2 Qf7 31. Bh3 a5 32. Bg4 b4 33. f5 exf5 34. Bxf5 Qxf5 35. Rxh5+ Kg8 36. Qxf5 gxf5 37. Rxf5 Be6 38. Rxa5 bxa3 39. bxa3 Rb8 40. Ra7 Bf7 41. a4 Bb2+ 42. Kd2 Be5 43. a5 Bd6 44. a6 Bc4 45. Rd7 Bb4+ 46. c3 Bf8 47. a7 Ra8 48. Rb7 Bd5 49. Rb8 Kf7 50. Bb6 Bd6 0-1


[Site "https://www.chess.com"]

[Event "Titled Tuesday Blitz May 16 Early 2023"]
[White "Reprintsev, Alexander"]
[Black "Girya, Olga"]
[WhiteFideId "14100541"]
[BlackFideId "4195752"]
[WhiteElo "2218"]
[BlackElo "2263"]
[Result "0-1"]
[Round "11"]
[TimeControl "180+2"]
[Date "2023.05.16"]
[WhiteClock "0:01:44"]
[BlackClock "0:01:00"]

1. e4 e5 2. Nf3 Nc6 3. Bc4 Bc5 4. b4 Bxb4 5. c3 Ba5 6. d4 d6 7. Qb3 Qd7 8. O-O Bb6 9. Nbd2 Na5 10. Qb1 f6 11. Bb5 c6 12. Bd3 Ne7 13. a4 Ng6 14. Re1 Nf4 15. Bf1 Qg4 16. Kh1 O-O 17. h3 Qg6 18. g3 Nxh3 19. Bxh3 Bxh3 20. Ba3 Rad8 21. Bb4 Rf7 22. Qd3 Rfd7 23. Rab1 Bg4 24. Kg1 Qf7 25. Rb2 c5 26. Bxa5 Bxa5 27. Nc4 Bxf3 28. Nxa5 Qh5 0-1


[Site "https://www.chess.com"]

[Event "Titled Tuesday Blitz May 16 Early 2023"]
[White "Golubev, Mikhail"]
[Black "Spata, German"]
[WhiteFideId "14100983"]
[BlackFideId "113026"]
[WhiteElo "2374"]
[BlackElo "2260"]
[Result "0-1"]
[Round "11"]
[TimeControl "180+2"]
[Date "2023.05.16"]
[WhiteClock "0:00:00"]
[BlackClock "0:00:16"]

1. e4 e6 2. Nc3 d5 3. d4 dxe4 4. Nxe4 Bd7 5. Nf3 Bc6 6. Bd3 Nd7 7. O-O Ngf6 8. Ned2 Be7 9. Re1 O-O 10. b3 b6 11. Bb2 Bb7 12. Qe2 c5 13. Rad1 Qc7 14. c4 Rfe8 15. Ne4 Nxe4 16. Bxe4 Bxe4 17. Qxe4 Bf6 18. Ne5 cxd4 19. Ng4 Rad8 20. Bxd4 Bxd4 21. Qxd4 Nf8 22. Qe5 Qe7 23. Qg3 Ng6 24. Ne5 Nxe5 25. Qxe5 Rd7 26. Rxd7 Qxd7 27. h3 Rd8 28. Kh2 h6 29. Re2 Qd3 30. Qe4 Qxe4 31. Rxe4 Rd2 32. a3 Rxf2 33. Rd4 Ra2 34. a4 Rb2 35. Rd3 Kf8 36. Kg3 Ke7 37. Kf3 f5 38. g4 Kf6 39. gxf5 Kxf5 40. Kg3 g5 41. Rf3+ Kg6 42. Re3 Kf6 43. Rf3+ Ke5 44. Re3+ Kf5 45. Rf3+ Ke4 46. Rf6 Rxb3+ 47. Kg4 h5+ 48. Kxg5 Rxh3 49. Rxe6+ Kd4 50. Re7 a5 51. Rb7 Rb3 52. Rc7 Rb4 53. Kxh5 Rxc4 54. Rd7+ Kc3 55. Rd6 Rb4 56. Kg5 Kb3 57. Kf5 Kxa4 58. Ke5 Kb3 59. Rd3+ Kc4 60. Rd4+ Kb5 61. Rd5+ Ka6 62. Rd1 a4 63. Kd5 Ka5 64. Kc6 Rc4+ 65. Kb7 b5 66. Rg1 a3 0-1


[Site "https://www.chess.com"]

[Event "Titled Tuesday Blitz May 16 Early 2023"]
[White "Asavasaetakul, Chawit"]
[Black "Czerw, Dawid"]
[WhiteFideId "6204856"]
[BlackFideId "1145746"]
[WhiteElo "1919"]
[BlackElo "2144"]
[Result "0-1"]
[Round "11"]
[TimeControl "180+2"]
[Date "2023.05.16"]
[WhiteClock "0:00:25"]
[BlackClock "0:00:45"]

1. e4 c5 2. c3 d5 3. exd5 Qxd5 4. d4 Nf6 5. Nf3 e6 6. Bd3 Be7 7. O-O O-O 8. Qe2 Nc6 9. Rd1 cxd4 10. cxd4 b6 11. Nc3 Qd6 12. Bg5 Bb7 13. Rac1 Rac8 14. Bb1 Rfd8 15. a3 Qb8 16. Qc2 g6 17. Qe2 Nd5 18. Nxd5 Rxd5 19. Be3 Bf6 20. Ba2 Rdd8 21. d5 exd5 22. Bxd5 Ne5 23. Bxb7 Qxb7 24. Nxe5 Bxe5 25. Rxd8+ Rxd8 26. Bg5 Re8 27. g3 Qd7 28. Re1 Re6 29. Rd1 Rd6 30. Rc1 Bg7 31. Bf4 Re6 32. Qa6 Bxb2 33. Rc8+ Kg7 34. Qc4 Re1+ 35. Kg2 Qd1 36. Rc7 Rg1+ 37. Kh3 Qh5# 0-1


[Site "https://www.chess.com"]